General information
- name: BNet
- type: Ladder team game (AT/RT)
- host: Battle.net
- saver: TheJerk
map: Slalom
- players: 8
- length: 54:13
- speed: Fast
- version: 1.26 W3XP
- replay type: Public
» download(258 KB)
Players
team 1 (loser)
em.anthony (
teal | 72 APM | 1273 actions | 17:44)
5 Blademaster
3 Wind Walk
2 Critical Strike
1 Shadow Hunter
1 Healing Wave
» actions
| Assign group hotkey | 32 | |
| Basic commands | 63 | |
| Build / train | 101 | |
| Enter build submenu | 13 | |
| Enter hero's abilities submenu | 6 | |
| Give item / drop item | 7 | |
| Remove unit from queue | 2 | |
| Right click | 595 | |
| Select / deselect | 171 | |
| Select group hotkey | 191 | |
| Use ability | 92 | |
1273 total
» units
» upgrades
| Spiked Barricades | 1 | |
| Armor | 1 | |
| Melee Weapons | 3 | |
| Ensnare | 1 | |
| Backpack | 1 | |
| Pillage | 1 | |
| Envenomed Spears | 1 | |
| Ranged Weapons | 2 | |
11 total
» buildings
| Altar of Storms | 1 | |
| Orc Burrow | 7 | |
| Voodoo Lounge | 1 | |
| Stronghold | 2 | |
| War Mill | 1 | |
| Fortress | 2 | |
| Beastiary | 3 | |
17 total
» build order
00:09 Altar of Storms
00:21 Orc Burrow
01:05 Voodoo Lounge
02:10 Orc Burrow
03:24 Stronghold
03:24 Stronghold
03:28 War Mill
03:53 Orc Burrow
05:21 Orc Burrow
05:57 Fortress
05:57 Fortress
06:00 Beastiary
06:01 Beastiary
06:27 Orc Burrow
07:51 Orc Burrow
12:23 Beastiary
12:25 Orc Burrow
» items
| Healing Salve | 2 | |
| Lesser Clarity Potion | 3 | |
| Scroll of Speed | 1 | |
| Boots of Speed | 2 | |
| Staff of Teleportation | 1 | |
| Orb of Lightning | 2 | |
| Tiny Great Hall | 4 | |
| Scroll of Regeneration | 1 | |
16 total

»
aloeri (
orange | 38 APM | 2083 actions | 54:06)
7 Archmage
3 Blizzard
3 Brilliance Aura
1 Mass Teleport
4 Shadow Hunter
2 Healing Wave
2 Hex
1 Paladin
1 Devotion Aura
1 Mountain King
1 Thunder Clap
» actions
| Assign group hotkey | 1 | |
| Build / train | 152 | |
| Enter build submenu | 41 | |
| Enter hero's abilities submenu | 11 | |
| Give item / drop item | 1 | |
| Remove unit from queue | 3 | |
| Right click | 1119 | |
| Select / deselect | 640 | |
| Use ability | 115 | |
2083 total
» units
| Peasant | 41 | |
| Siege Engine | 8 | |
| Priest | 3 | |
| Wind Rider | 7 | |
| Peon | 5 | |
| Knight | 1 | |
| Mortar Team | 16 | |
| Demolisher | 2 | |
| Flying Machine | 8 | |
91 total
» upgrades
| Gunpowder | 3 | |
| Plating | 3 | |
| Masonry | 3 | |
| Priest Training | 2 | |
| Sorceress Training | 2 | |
| Barrage | 1 | |
| Animal War Training | 1 | |
| Fragmentation Shards | 2 | |
| Flare | 2 | |
| Magic Sentry | 1 | |
| Ranged Weapons | 1 | |
| Burning Oil | 1 | |
| Flak Cannons | 1 | |
| Flying Machine Bombs | 1 | |
| Armor | 1 | |
| Swords | 1 | |
| Lumber Harvesting | 1 | |
| Cloud | 1 | |
28 total
» buildings
| Farm | 11 | |
| Altar of Kings | 1 | |
| Lumber Mill | 1 | |
| Keep | 1 | |
| Blacksmith | 1 | |
| Castle | 1 | |
| Arcane Sanctum | 1 | |
| Workshop | 4 | |
| Scout Tower | 8 | |
| Cannon Tower | 1 | |
| Arcane Vault | 1 | |
| Guard Tower | 4 | |
| Orc Burrow | 2 | |
| Town Hall | 5 | |
| Great Hall | 1 | |
| Barracks | 1 | |
| Gryphon Aviary | 2 | |
46 total
» build order
00:35 Farm
02:08 Altar of Kings
02:16 Farm
03:04 Lumber Mill
03:31 Keep
03:40 Blacksmith
05:04 Farm
05:54 Castle
06:00 Farm
06:25 Arcane Sanctum
06:30 Workshop
06:39 Workshop
06:44 Workshop
07:19 Farm
08:21 Farm
09:11 Farm
10:15 Farm
10:56 Scout Tower
10:59 Scout Tower
11:07 Scout Tower
11:24 Cannon Tower
11:57 Arcane Vault
12:03 Guard Tower
12:58 Farm
13:09 Farm
15:24 Farm
15:50 Scout Tower
15:54 Scout Tower
17:20 Guard Tower
21:02 Workshop
21:37 Orc Burrow
22:19 Town Hall
25:41 Orc Burrow
29:59 Town Hall
31:57 Scout Tower
35:21 Great Hall
35:25 Barracks
35:44 Scout Tower
35:50 Scout Tower
36:31 Guard Tower
37:15 Guard Tower
44:32 Town Hall
47:30 Town Hall
49:41 Gryphon Aviary
49:45 Gryphon Aviary
51:44 Town Hall
» items
| Scroll of Town Portal | 3 | |
| Potion of Healing | 4 | |
| Scroll of Regeneration | 1 | |
8 total

»
Raptor2221 (
purple | 40 APM | 2170 actions | 54:11)
4 Priestess of the Moon
2 Trueshot Aura
2 Searing Arrows
1 Mountain King
1 Bash
» actions
| Basic commands | 3 | |
| Build / train | 137 | |
| Enter build submenu | 32 | |
| Enter hero's abilities submenu | 5 | |
| Remove unit from queue | 14 | |
| Right click | 1240 | |
| Select / deselect | 699 | |
| Use ability | 40 | |
2170 total
» units
| Wisp | 20 | |
| Archer | 31 | |
| Glaive Thrower | 2 | |
| Mountain Giant | 7 | |
| Huntress | 9 | |
| Dryad | 1 | |
| Hippogryph | 5 | |
| Chimaera | 4 | |
| Wind Rider | 14 | |
| Knight | 11 | |
104 total
» upgrades
| Strength of the Moon | 1 | |
| Moon Armor | 1 | |
| Reinforced Hides | 2 | |
| Strength of the Wild | 3 | |
| Improved Bows | 1 | |
| Corrosive Breath | 1 | |
9 total
» buildings
| Moon Well | 7 | |
| Altar of Elders | 1 | |
| Ancient of War | 2 | |
| Tree of Ages | 1 | |
| Hunter's Hall | 1 | |
| Ancient of Lore | 1 | |
| Ancient of Wonders | 1 | |
| Tree of Life | 3 | |
| Ancient Protector | 6 | |
| Tree of Eternity | 1 | |
| Ancient of Wind | 1 | |
| Chimaera Roost | 2 | |
27 total
» build order
00:22 Moon Well
00:36 Altar of Elders
00:50 Ancient of War
02:16 Moon Well
03:33 Tree of Ages
04:00 Hunter's Hall
05:20 Ancient of War
07:58 Ancient of Lore
08:42 Moon Well
09:40 Ancient of Wonders
10:08 Moon Well
11:43 Moon Well
12:20 Moon Well
16:23 Moon Well
21:38 Tree of Life
21:43 Ancient Protector
21:45 Ancient Protector
31:09 Ancient Protector
31:13 Ancient Protector
33:36 Tree of Eternity
33:53 Tree of Life
36:08 Ancient of Wind
37:30 Chimaera Roost
37:34 Chimaera Roost
47:32 Tree of Life
47:36 Ancient Protector
47:39 Ancient Protector
» items
| Potion of Healing | 1 | |
| Potion of Mana | 1 | |
| Lesser Clarity Potion | 1 | |
3 total
BigRob300zx (
blue | 46 APM | 1254 actions | 27:06)
6 Mountain King
3 Storm Bolt
2 Bash
1 Avatar
6 Paladin
3 Holy Light
1 Devotion Aura
1 Divine Shield
1 Resurrection
» actions
| Assign group hotkey | 18 | |
| Basic commands | 4 | |
| Build / train | 72 | |
| Enter build submenu | 20 | |
| Enter hero's abilities submenu | 12 | |
| Give item / drop item | 3 | |
| Remove unit from queue | 1 | |
| Right click | 539 | |
| Select / deselect | 195 | |
| Select group hotkey | 333 | |
| Use ability | 57 | |
1254 total
» units
| Peasant | 23 | |
| Siege Engine | 13 | |
| Knight | 4 | |
40 total
» upgrades
| Masonry | 1 | |
| Gunpowder | 2 | |
| Swords | 2 | |
| Barrage | 1 | |
6 total
» buildings
| Altar of Kings | 1 | |
| Farm | 9 | |
| Arcane Vault | 1 | |
| Scout Tower | 1 | |
| Arcane Tower | 1 | |
| Keep | 1 | |
| Blacksmith | 1 | |
| Lumber Mill | 1 | |
| Castle | 1 | |
| Workshop | 2 | |
| Barracks | 1 | |
| Town Hall | 2 | |
22 total
» build order
00:14 Altar of Kings
00:19 Farm
00:44 Arcane Vault
01:26 Scout Tower
02:00 Arcane Tower
02:17 Keep
02:50 Blacksmith
03:05 Lumber Mill
04:34 Farm
04:49 Castle
04:56 Workshop
05:05 Workshop
05:25 Farm
06:09 Farm
06:20 Barracks
06:51 Farm
07:45 Farm
08:19 Farm
09:20 Farm
11:03 Town Hall
13:58 Farm
16:39 Town Hall
» items
| Scroll of Regeneration | 3 | |
| Lesser Clarity Potion | 3 | |
| Potion of Healing | 2 | |
| Scroll of Town Portal | 1 | |
9 total
team 2 (winner)

»
elpaisa0 (
green | 35 APM | 670 actions | 19:00)
4 Warden
2 Fan of Knives
2 Shadow Strike
3 Keeper of the Grove
2 Thorns Aura
1 Entangling Roots
1 Priestess of the Moon
1 Trueshot Aura
» actions
| Assign group hotkey | 20 | |
| Build / train | 53 | |
| Enter build submenu | 14 | |
| Enter hero's abilities submenu | 8 | |
| Remove unit from queue | 4 | |
| Right click | 324 | |
| Select / deselect | 135 | |
| Select group hotkey | 85 | |
| Use ability | 27 | |
670 total
» units
| Wisp | 10 | |
| Hippogryph | 8 | |
| Druid of the Talon | 9 | |
| Faerie Dragon | 5 | |
32 total
» upgrades
| Druid of the Talon Training | 2 | |
| Mark of the Talon | 1 | |
| Strength of the Wild | 1 | |
4 total
» buildings
| Altar of Elders | 1 | |
| Moon Well | 9 | |
| Tree of Ages | 1 | |
| Ancient of Wonders | 1 | |
| Tree of Eternity | 1 | |
| Ancient of Wind | 2 | |
| Hunter's Hall | 1 | |
16 total
» build order
00:18 Altar of Elders
00:37 Moon Well
01:33 Moon Well
02:24 Tree of Ages
02:44 Moon Well
03:50 Ancient of Wonders
04:51 Tree of Eternity
05:04 Ancient of Wind
05:09 Ancient of Wind
05:50 Moon Well
06:47 Moon Well
06:54 Tree of Eternity
08:28 Moon Well
09:24 Moon Well
10:44 Moon Well
11:39 Moon Well
13:07 Hunter's Hall
TheJerk (
yellow | 66 APM | 3565 actions | 54:13)
10 Blood Mage
3 Flame Strike
3 Siphon Mana
1 Summon Phoenix
3 Banish
4 Dark Ranger
1 Charm
1 Silence
2 Life Drain
3 Keeper of the Grove
2 Entangling Roots
1 Tranquility
2 Warden
1 Shadow Strike
1 Blink
» actions
| Assign group hotkey | 97 | |
| Basic commands | 80 | |
| Build / train | 166 | |
| Enter build submenu | 110 | |
| Enter hero's abilities submenu | 19 | |
| Give item / drop item | 1 | |
| Remove unit from queue | 2 | |
| Right click | 1559 | |
| Select / deselect | 910 | |
| Select group hotkey | 293 | |
| Use ability | 328 | |
3565 total
» units
| Peasant | 38 | |
| Footman | 7 | |
| Sorceress | 5 | |
| Hippogryph | 3 | |
| Gryphon Rider | 4 | |
| Dragonhawk Rider | 3 | |
| Siege Engine | 4 | |
| Dryad | 7 | |
71 total
» upgrades
| Lumber Harvesting | 2 | |
| Masonry | 3 | |
| Sorceress Training | 1 | |
| Magic Sentry | 1 | |
| Swords | 3 | |
| Armor | 3 | |
| Cloud | 1 | |
| Storm Hammers | 1 | |
| Gunpowder | 3 | |
| Plating | 3 | |
| Barrage | 1 | |
| Strength of the Wild | 1 | |
| Reinforced Hides | 1 | |
24 total
» buildings
| Barracks | 1 | |
| Altar of Kings | 1 | |
| Farm | 5 | |
| Keep | 1 | |
| Town Hall | 5 | |
| Arcane Vault | 2 | |
| Lumber Mill | 2 | |
| Scout Tower | 84 | |
| Arcane Sanctum | 1 | |
| Guard Tower | 16 | |
| Castle | 1 | |
| Blacksmith | 3 | |
| Gryphon Aviary | 12 | |
| Moon Well | 18 | |
| Altar of Elders | 3 | |
| Tree of Life | 1 | |
| Tree of Ages | 1 | |
| Hunter's Hall | 1 | |
| Workshop | 5 | |
| Tree of Eternity | 1 | |
| Ancient of Wind | 1 | |
| Ancient of Lore | 3 | |
168 total
» build order
00:51 Barracks
00:53 Altar of Kings
00:56 Farm
01:06 Farm
01:08 Farm
01:53 Farm
04:07 Keep
04:14 Town Hall
04:27 Arcane Vault
04:46 Lumber Mill
05:20 Scout Tower
05:20 Scout Tower
05:20 Scout Tower
05:22 Scout Tower
05:24 Scout Tower
07:34 Arcane Sanctum
07:40 Guard Tower
09:33 Scout Tower
09:34 Scout Tower
09:34 Scout Tower
09:35 Scout Tower
09:37 Scout Tower
09:37 Scout Tower
09:38 Scout Tower
09:38 Scout Tower
09:38 Scout Tower
09:40 Scout Tower
09:41 Scout Tower
09:41 Scout Tower
09:42 Scout Tower
10:26 Castle
10:29 Guard Tower
10:40 Town Hall
10:42 Scout Tower
10:45 Scout Tower
10:46 Scout Tower
12:34 Guard Tower
13:31 Blacksmith
13:32 Blacksmith
13:37 Blacksmith
15:08 Scout Tower
15:09 Scout Tower
15:10 Scout Tower
15:10 Scout Tower
16:29 Scout Tower
16:29 Scout Tower
16:29 Scout Tower
16:30 Scout Tower
16:30 Scout Tower
16:58 Scout Tower
16:58 Scout Tower
16:58 Scout Tower
17:00 Scout Tower
17:01 Scout Tower
17:02 Scout Tower
17:03 Scout Tower
17:04 Scout Tower
17:05 Scout Tower
17:06 Scout Tower
17:16 Guard Tower
17:19 Town Hall
17:22 Scout Tower
17:22 Scout Tower
17:23 Scout Tower
17:23 Scout Tower
17:50 Guard Tower
18:08 Guard Tower
18:36 Town Hall
18:50 Scout Tower
18:51 Scout Tower
18:52 Scout Tower
18:52 Scout Tower
18:53 Scout Tower
18:56 Scout Tower
18:56 Scout Tower
19:00 Scout Tower
19:19 Guard Tower
19:51 Guard Tower
20:51 Guard Tower
20:55 Scout Tower
22:08 Gryphon Aviary
22:10 Gryphon Aviary
22:12 Gryphon Aviary
22:13 Gryphon Aviary
22:15 Gryphon Aviary
22:17 Gryphon Aviary
22:20 Gryphon Aviary
22:22 Gryphon Aviary
22:24 Gryphon Aviary
22:27 Gryphon Aviary
22:44 Guard Tower
22:54 Scout Tower
22:55 Scout Tower
22:56 Scout Tower
23:05 Scout Tower
23:06 Scout Tower
23:06 Scout Tower
23:06 Scout Tower
23:07 Scout Tower
23:07 Scout Tower
23:08 Scout Tower
23:18 Scout Tower
23:18 Scout Tower
23:18 Scout Tower
23:19 Scout Tower
23:20 Scout Tower
23:27 Guard Tower
23:31 Scout Tower
23:32 Scout Tower
23:32 Scout Tower
23:33 Scout Tower
23:33 Scout Tower
23:41 Scout Tower
23:41 Scout Tower
23:42 Scout Tower
23:42 Scout Tower
23:44 Scout Tower
23:45 Scout Tower
23:47 Scout Tower
23:47 Scout Tower
23:56 Guard Tower
24:04 Guard Tower
24:10 Guard Tower
24:36 Guard Tower
25:02 Guard Tower
29:27 Lumber Mill
30:23 Moon Well
30:24 Moon Well
30:25 Moon Well
30:25 Moon Well
30:25 Moon Well
30:26 Moon Well
30:27 Altar of Elders
31:08 Altar of Elders
33:39 Tree of Life
34:36 Farm
35:13 Arcane Vault
35:53 Tree of Ages
36:38 Town Hall
36:49 Moon Well
36:50 Moon Well
36:50 Moon Well
36:51 Moon Well
36:52 Moon Well
36:53 Moon Well
39:53 Hunter's Hall
40:02 Moon Well
40:03 Moon Well
40:08 Gryphon Aviary
40:08 Gryphon Aviary
44:31 Workshop
44:34 Workshop
44:38 Workshop
44:39 Workshop
44:39 Workshop
46:33 Tree of Eternity
46:36 Ancient of Wind
46:38 Ancient of Lore
46:39 Ancient of Lore
46:40 Ancient of Lore
47:37 Moon Well
47:37 Moon Well
47:37 Moon Well
47:38 Moon Well
54:11 Altar of Elders
» items
| Scroll of Healing | 1 | |
| Potion of Invisibility | 2 | |
| Boots of Speed | 1 | |
| Staff of Teleportation | 1 | |
| Potion of Healing | 5 | |
| Scroll of Regeneration | 5 | |
| Lesser Clarity Potion | 2 | |
| Scroll of Town Portal | 10 | |
| Potion of Mana | 1 | |
28 total
breezewood (
pink | 25 APM | 580 actions | 23:30)
5 Dark Ranger
3 Black Arrow
2 Silence
» actions
| Assign group hotkey | 11 | |
| Basic commands | 31 | |
| Build / train | 57 | |
| Enter build submenu | 25 | |
| Enter hero's abilities submenu | 5 | |
| Right click | 160 | |
| Select / deselect | 178 | |
| Select group hotkey | 85 | |
| Use ability | 28 | |
580 total
» units
| Peasant | 14 | |
| Rifleman | 4 | |
| Sorceress | 3 | |
| Priest | 11 | |
| Gryphon Rider | 8 | |
40 total
» upgrades
| Swords | 2 | |
| Lumber Harvesting | 2 | |
| Armor | 1 | |
| Storm Hammers | 1 | |
| Priest Training | 2 | |
| Sorceress Training | 1 | |
9 total
» buildings
| Altar of Kings | 1 | |
| Farm | 15 | |
| Lumber Mill | 1 | |
| Keep | 1 | |
| Barracks | 1 | |
| Blacksmith | 1 | |
| Arcane Sanctum | 1 | |
| Gryphon Aviary | 2 | |
| Castle | 1 | |
| Ancient of War | 2 | |
26 total
» build order
00:03 Altar of Kings
00:06 Farm
00:49 Farm
01:37 Lumber Mill
01:49 Farm
02:31 Keep
02:44 Barracks
03:08 Blacksmith
03:53 Farm
04:35 Farm
05:02 Arcane Sanctum
05:06 Gryphon Aviary
05:16 Farm
06:04 Farm
06:45 Farm
07:11 Castle
07:20 Gryphon Aviary
08:00 Farm
08:42 Farm
09:20 Farm
10:00 Farm
10:40 Farm
11:22 Farm
12:04 Farm
22:42 Ancient of War
22:46 Ancient of War

»
FADU (
red | 54 APM | 1284 actions | 23:54)
5 Death Knight
3 Death Coil
2 Unholy Aura
» actions
| Assign group hotkey | 18 | |
| Build / train | 51 | |
| ESC pressed | 1 | |
| Enter build submenu | 31 | |
| Enter hero's abilities submenu | 5 | |
| Right click | 456 | |
| Select / deselect | 195 | |
| Select group hotkey | 495 | |
| Use ability | 32 | |
1284 total
» units
| Acolyte | 8 | |
| Ghoul | 6 | |
| Crypt Fiend | 6 | |
| Frost Wyrm | 7 | |
| Gargoyle | 1 | |
28 total
» upgrades
| Cannibalize | 1 | |
| Creature Carapace | 1 | |
| Creature Attack | 1 | |
| Web | 1 | |
| Burrow | 1 | |
| Freezing Breath | 1 | |
| Stone Form | 1 | |
7 total
» buildings
| Ziggurat | 13 | |
| Altar of Darkness | 1 | |
| Crypt | 2 | |
| Graveyard | 1 | |
| Tomb of Relics | 1 | |
| Halls of the Dead | 1 | |
| Black Citadel | 1 | |
| Sacrificial Pit | 1 | |
| Boneyard | 3 | |
| Spirit Tower | 3 | |
| Nerubian Tower | 1 | |
| Necropolis | 1 | |
29 total
» build order
00:12 Ziggurat
00:21 Altar of Darkness
00:48 Crypt
01:26 Ziggurat
02:40 Graveyard
02:58 Tomb of Relics
03:19 Ziggurat
03:42 Halls of the Dead
06:07 Black Citadel
06:38 Sacrificial Pit
08:29 Boneyard
08:38 Boneyard
08:56 Ziggurat
09:58 Ziggurat
10:04 Ziggurat
10:09 Ziggurat
10:34 Spirit Tower
11:18 Boneyard
11:44 Ziggurat
12:13 Nerubian Tower
12:19 Spirit Tower
13:40 Ziggurat
14:47 Ziggurat
14:49 Spirit Tower
16:05 Crypt
21:17 Necropolis
21:21 Ziggurat
21:35 Ziggurat
21:51 Ziggurat
» items
| Potion of Lesser Invulnerability | 1 | |
| Circlet of Nobility | 1 | |
| Staff of Teleportation | 1 | |
| Scroll of Healing | 1 | |
4 total
Chat log
(00:25 / All) TheJerk: ASL all
(00:50 / Allies) FADU: hi
(01:19 / Allies) elpaisa0: should i go chims and hipos or mass fari dragsÉ
(01:36 / Allies) TheJerk: hippos and talons
(01:40 / Allies) elpaisa0: ok
(01:44 / Allies) FADU: I'll try frozen dragons
(04:16 / Allies) breezewood: creep with me yeller
(04:56 / Allies) breezewood: where too
(05:16 / Allies) TheJerk: creep the expansions
(06:54 / Allies) breezewood: need luymber
(07:53 / Allies) breezewood: ty
(07:56 / Allies) FADU: ty
(16:24 / Allies) breezewood: fuck
(16:26 / Allies) breezewood: kill thse tanks
(16:40 / Allies) FADU: buld tower
(17:43 / All) em.anthony: gg
(18:46 / Allies) elpaisa0: wtf pink were were u???
(18:56 / Allies) elpaisa0: fuck this shit u bunch of noobs
(20:01 / Allies) TheJerk: wood?
(22:35 / Allies) breezewood: someone control green
(30:15 / All) TheJerk: how much gold do you guys have
(30:51 / All) Raptor2221: alot alot
(30:56 / All) TheJerk: I have 12k
(44:10 / All) TheJerk: I started easing up before my team left
(44:17 / All) TheJerk: On harassing
(44:19 / All) TheJerk: big mistake
(52:42 / All) aloeri: ne just wait